 Dungeon Crawl Stone Soup version 0.29-a0-495-g17b79114eb (webtiles) character file.

Game seed: 506156887191754271

218 pokeman the Magician (level 5, -4/29 HPs)
             Began as a Deep Elf Hedge Wizard on May 28, 2022.
             Succumbed to a gnoll's poison
             ... on level 3 of the Dungeon.
             The game lasted 00:06:33 (2052 turns).

pokeman the Magician (Deep Elf Hedge Wizard)        Turns: 2052, Time: 00:06:33

Health: -4/29      AC:  6    Str:  7    XL:     5   Next: 63%
Magic:  13/16      EV: 13    Int: 21    God:
Gold:   199        SH:  0    Dex: 14    Spells: 6/17 levels left

rFire   + + .      SeeInvis +   h - +2 hunting sling (freeze)
rCold   + . .      Faith    .   (no shield)
rNeg    . . .      Spirit   .   t - +2 robe {rF+}
rPois   +          Reflect  .   o - +0 helmet
rElec   +          Harm     .   (no cloak)
rCorr   +          Rampage  .   m - +0 pair of gloves
Will    .....                   (no boots)
Stlth   ++........              (no amulet)
HPRegen 0.09/turn               j - ring of see invisible
MPRegen 0.15/turn               (no ring)

@: lethally poisoned (-4 -> -27), resistant
A: no striking features
a: no special abilities


You were on level 3 of the Dungeon.
You visited 1 branch of the dungeon, and saw 3 of its levels.

You collected 199 gold pieces.

Inventory:

Hand Weapons
 h - a +2 hunting sling of freezing (weapon)
 u - a +1 whip of electrocution
Armour
 m - a +0 pair of gloves (worn)
 o - a +0 helmet (worn)
 t - a +2 robe of fire resistance (worn)
Jewellery
 j - a ring of see invisible (left hand)
Scrolls
 a - a scroll of noise {unknown}
 c - a scroll of poison {unknown}
 e - a scroll of torment {unknown}
 f - a scroll of identify {unknown}
 p - 2 scrolls of magic mapping {unknown}
Potions
 b - a potion of resistance
 d - a potion of magic
 g - 2 potions of curing {unknown}
 i - a potion of invisibility {unknown}
 k - 2 potions of berserk rage {unknown}
 l - a potion of heal wounds {unknown}
 n - 2 potions of cancellation {unknown}
 q - 2 potions of degeneration {unknown}
 r - a potion of might {unknown}
 s - a potion of attraction {unknown}


   Skills:
 - Level 1.0 Fighting
 - Level 1.0 Armour
 - Level 3.0 Dodging
 + Level 2.9 Stealth
 * Level 6.5 Spellcasting
 + Level 2.7 Conjurations
 - Level 1.1 Summonings
 - Level 1.1 Translocations
 - Level 1.0 Fire Magic
 - Level 1.0 Air Magic
 + Level 0.0 Poison Magic


You had 6 spell levels left.
You knew the following spells:

 Your Spells              Type           Power      Damage    Failure   Level
a - Magic Dart            Conj           72%        1d6       3%          1
b - Mephitic Cloud        Conj/Pois/Air  12%        N/A       17%         3
c - Call Imp              Summ           11%        N/A       9%          2
d - Blink                 Tloc           22%        N/A       9%          2
e - Conjure Flame         Conj/Fire      14%        6-21      13%         3

Your spell library contained the following spells:

 Spells                   Type           Power      Damage    Failure   Level
 Slow                     Hex            24%        N/A       10%         1
 Irradiate                Conj/Tmut      6%         3d15      82%         5
 Blade Hands              Tmut           3%         N/A       95%         5
 Conjure Ball Lightning   Conj/Air       7%         3x3d6     100%        6
 Dragon Form              Tmut           3%         N/A       100%        7
 Discord                  Hex            3%         N/A       100%        8
 Disjunction              Tloc           5%         N/A       100%        8


Dungeon Overview and Level Annotations

Branches:
Dungeon (3/15)

Altars:
Okawaru

Shops:
D:1 (


Message History

Aim: a gnoll, wielding a +2 whip of venom (lightly wounded, 61% to hit)
You shoot a sling bullet. The sling bullet hits the gnoll.
The sling bullet freezes the gnoll.
The gnoll is moderately wounded.
Fire: h) +2 hunting sling (freeze)
Press: ? - help, Q - select action, (/) - cycle Shift-Dir - straight line, f/p - gnoll
Aim: a gnoll, wielding a +2 whip of venom (moderately wounded, 61% to hit)
You shoot a sling bullet. The sling bullet hits the gnoll.
The sling bullet freezes the gnoll.
The gnoll is heavily wounded.
The gnoll hits you with a +2 whip of venom.
You are poisoned.
The gnoll hits you with a +2 whip of venom.
You are lethally poisoned!
Casting: Mephitic Cloud (quite dangerous; 17% risk of failure)
Confirm with . or Enter, or press ? or * to list all spells.
The spell is quite dangerous to miscast (17% risk of failure)!
Continue anyway?
Aiming: Mephitic Cloud (quite dangerous; 17% risk of failure)
Press: ? - help, Shift-Dir - straight line, f/p - gnoll
Aim: a gnoll, wielding a +2 whip of venom (heavily wounded, chance to affect: 91%) That beam is likely to hit you.
Continue anyway?
The ball explodes into a vile cloud!
The stinking cloud engulfs the gnoll but does no damage.
The gnoll is heavily wounded.
The stinking cloud engulfs you but does no damage.
You are engulfed in noxious fumes.
You choke on the stench!
You are confused.
You feel very sick.
You hear a shout!
You hear a bark!
The gnoll is engulfed in noxious fumes.
The gnoll appears confused.
The gnoll hits you with a +2 whip of venom!
* * * LOW HITPOINT WARNING * * *
You are more poisoned.
Unknown command.
You feel less confused.
* * * LOW HITPOINT WARNING * * *
You feel very sick.
The gnoll is engulfed in noxious fumes.
The gnoll appears confused.
It was a potion of resistance.
You feel protected.
You die...

#.#.#<# #. ..........
....#.#.# #. ..........
..# #.#.#####.
..P..P...####.###.#.......
≈P≈≈≈≈≈..##.....#.##....##
≈≈≈.≈≈)..##.....#........#
.≈≈≈≈P)≈. #......#.†.....#
≈≈≈≈≈≈.)♣##>....#........#
≈≈≈≈≈≈○○°@).....#.##...###
.≈.≈≈≈≈g.†###.### #...#
....P...○## #.# ##.##
###......# ##.###.###.####
######## #.............#
#..#######.##.# #..#
#.##.# ####..# ####.##.#
#.....# #...#.#.#


You could see a gnoll (confused).

Vanquished Creatures
  Jessica (D:3)
  Robin (D:2)
  6 gnolls
  4 adders
  2 worms (D:2)
  2 dart slugs
  An orc (D:3)
  5 bats
  6 endoplasms
  2 giant cockroaches (D:1)
  13 goblins
  7 hobgoblins
  6 jackals (D:2)
  6 kobolds
  3 quokkas
  3 ball pythons
  3 frilled lizards (D:2)
  5 rats
76 creatures vanquished.

Vanquished Creatures (others)
  6 fungi (D:2)
  4 plants
10 creatures vanquished.

Grand Total: 86 creatures vanquished

Notes
Turn   | Place    | Note
-------+----------+-------------------------------------------
     0 | D:1      | pokeman the Deep Elf Hedge Wizard began the quest for the
                  | Orb.
     0 | D:1      | Reached XP level 1. HP: 10/10 MP: 7/7
   230 | D:1      | Reached XP level 2. HP: 16/16 MP: 9/9
   539 | D:1      | Found Itoej's Antique Weapon Boutique.
   701 | D:2      | Reached skill level 5 in Spellcasting
   701 | D:2      | Reached XP level 3. HP: 20/20 MP: 9/11
   705 | D:2      | Learned a level 3 spell: Mephitic Cloud
   708 | D:2      | Learned a level 2 spell: Call Imp
   711 | D:2      | Learned a level 2 spell: Blink
   715 | D:2      | Learned a level 3 spell: Conjure Flame
   746 | D:2      | Noticed Robin
   750 | D:2      | Killed Robin
   751 | D:2      | Reached skill level 1 in Fighting
   751 | D:2      | Reached skill level 1 in Armour
   966 | D:2      | Reached XP level 4. HP: 25/25 MP: 13/13
  1185 | D:2      | Reached skill level 1 in Fire Magic
  1438 | D:2      | Found a faded altar of an unknown god.
  1478 | D:2      | Reached skill level 6 in Spellcasting
  1556 | D:2      | Reached XP level 5. HP: 28/29 MP: 15/15
  1769 | D:3      | Found an iron altar of Okawaru.
  1822 | D:3      | Noticed Jessica
  1823 | D:3      | Killed Jessica
  2002 | D:3      | Reached skill level 1 in Air Magic
  2051 | D:3      | HP: 1/29 [poisoned by a gnoll]
  2052 | D:3      | Succumbed to a gnoll's poison

Illustrated notes

Levels and vault maps discovered:
D:1:      mainiacjoe_arrival_reflecting_pool, layout_basic, serial_shops,
          nicolae_diamond_shop, minmay_heptomino_w4
D:2:      layout_loops_ring, shapermc_ecumenical_altar_acropolis, uniq_robin
D:3:      layout_loops_ring, mainiacjoe_overflow_alcove_1, serial_bayou_pond_b,
          uniq_jessica

Skill      XL: |  1  2  3  4  5 |
---------------+----------------+-----
Spellcasting   | 5 6 |  6.5
Fighting       | 1 |  1.0
Armour         | 1 |  1.0
Conjurations   | 2 |  2.7
Fire Magic     | 1 |  1.0
Dodging        | 3 |  3.0
Air Magic      | 1 |  1.0
Stealth        | |  2.9
Summonings     | |  1.1
Translocations | |  1.1

Action                   |  1- 3 |  4- 6 || total
-------------------------+-------+-------++-------
Melee: Dagger            |    10 |       ||    10
 Fire: Hunting sling     |    74 |    93 ||   167
 Cast: Magic Dart        |     7 |     7 ||    14
       Mephitic Cloud    |       |     3 ||     3
       Call Imp          |       |     1 ||     1
       Conjure Flame     |       |     1 ||     1
  Use: Potion            |       |     1 ||     1
Armor: Robe              |     3 |    10 ||    13
Dodge: Dodged            |    21 |    33 ||    54

Table legend: (Time is in decaauts)
 A = Elapsed time spent in this place.
 B = Non-inter-level travel time spent in this place.
 C = Inter-level travel time spent in this place.
 D = Time resting spent in this place.
 E = Time spent auto-exploring this place.
 F = Levels seen in this place.
 G = Mean time per level.
                   A        B        C        D        E       F      G
               +--------+--------+--------+--------+--------+-----+--------+
         Total |   2134 |   2093 |     41 |     59 |   1554 |   3 |  711.3 |
       Dungeon |   2134 |   2093 |     41 |     59 |   1554 |   3 |  711.3 |
               +--------+--------+--------+--------+--------+-----+--------+

Top non-repeatable levels by time:
     D:2: 1130 daAuts
     D:1: 699 daAuts
     D:3: 304 daAuts
